 Dungeon Crawl Stone Soup version 0.26.1-11-gd32895ea62 (webtiles) character file.

Game seed: 14844548741001080036

88 Brecoman the Skirmisher (level 4, -1/37 HPs)
             Began as a Demonspawn Abyssal Knight on July 20, 2021.
             Was a Believer of Lugonu.
             Slain by Grinder (4 damage)
             ... while paralysed by Grinder
             ... on level 3 of the Dungeon.
             The game lasted 00:05:32 (1725 turns).

Brecoman the Skirmisher (Demonspawn Abyssal Knight) Turns: 1725, Time: 00:05:32

Health: -1/37      AC: 10    Str: 13    XL:     4   Next: 29%
Magic:  6/6        EV:  2    Int: 14    God:    Lugonu [**....]
Gold:   140        SH:  0    Dex: 12    Spells: 3/3 levels left

rFire    + . .     SeeInvis .   e - +0 hunting sling (curse)
rCold    . . .     Faith    .   (no shield)
rNeg     . . .     Spirit   .   p - +0 plate armour
rPois    .         Reflect  .   (no helmet)
rElec    .         Harm     .   (no cloak)
rCorr    .         Rampage  .   (no gloves)
Will     .....                  (no boots)
Stlth    ..........             (no amulet)
HPRegen  0.12/turn              (no ring)
MPRegen  0.10/turn              (no ring)

@: paralysed
A: claws 1, fire resistance 1, spiny 1
a: Renounce Religion, Depart the Abyss, Bend Space


You were on level 3 of the Dungeon.
You worshipped Lugonu.
Lugonu was pleased with you.
You visited 1 branch of the dungeon, and saw 3 of its levels.
You visited the Abyss 1 time.

You collected 140 gold pieces.

Inventory:

Hand Weapons
 a - a +1 mace
 e - a cursed +0 hunting sling (weapon)
 q - a +1 dagger of speed
Missiles
 f - 13 stones (quivered ammo)
Armour
 b - a +0 leather armour
 p - a +0 plate armour (worn)
Jewellery
 i - an uncursed amulet of magic regeneration {unknown}
 n - a cursed amulet of inaccuracy {unknown}
 t - an uncursed amulet of the acrobat {unknown}
Scrolls
 c - a scroll of random uselessness {unknown}
 d - 5 scrolls of identify {unknown}
 g - a scroll of remove curse {unknown}
 j - a scroll of immolation {unknown}
 k - 2 scrolls of enchant armour {unknown}
 r - a scroll of teleportation {unknown}
Potions
 h - 2 potions of might {unknown}
 l - a potion of mutation {unknown}
 m - 2 potions of degeneration {unknown}
 o - a potion of brilliance {unknown}
 s - a potion of magic {unknown}


   Skills:
 + Level 3.6 Fighting
 - Level 2.5 Maces & Flails
 - Level 1.7 Armour
 + Level 2.0 Dodging
 + Level 3.6 Invocations


You had 3 spell levels left.
You didn't know any spells.
Your spell library was empty.

Dungeon Overview and Level Annotations

Branches:
Dungeon (3/15)

Altars:

Annotations:
D:3 Grinder, Sigmund


Innate Abilities, Weirdness & Mutations

You have sharp fingernails.
Your flesh is heat resistant. (rF+)
You are partially covered in sharp spines.


Message History

You see here a hunting sling.
Grinder blinks!
You shoot a stone.
The stone hits Grinder but does no damage.
Grinder is moderately wounded.
You shoot a stone. The stone barely misses Grinder.
Grinder gestures at you. Pain shoots through your body!
Grinder gestures at you. Pain shoots through your body!
You are too injured to fight recklessly!
You see here 2 stones.
Grinder gestures at you.
You suddenly lose the ability to move!
Grinder gestures at you. Pain shoots through your body!
* * * LOW HITPOINT WARNING * * *
Grinder hits you but does no damage. Grinder hits you.
You die...

# #.# #.# #.# #.# #.# # #.# ###
#.### ## #.# #.. ...> .##
#.###.#### #.###.# .
..###.#........# #.##..# ...
......#.....##.####.#..(###.....
...#######......@5.....).(.((..(
....(.#....###.######...####...(
..###. ..## #.# ##..# . .## #..
#.# ##.# ## ... ..# #.# # #.#
### #.# #.# #.# #.# #.# # #.#
#.#


You could see Grinder.

Vanquished Creatures
  3 adders
  An ooze (D:1)
  A worm (D:2)
  2 leopard geckos (D:1)
  5 bats
  2 giant cockroaches (D:1)
  6 goblins
  6 hobgoblins
  4 jackals (D:1)
  A ball python (D:1)
  2 frilled lizards (D:1)
  9 kobolds
  8 rats
50 creatures vanquished.

Notes
Turn   | Place    | Note
-------+----------+-------------------------------------------
     0 | Abyss:1  | Brecoman the Demonspawn Abyssal Knight began the quest for
                  | the Orb.
     0 | Abyss:1  | Reached XP level 1. HP: 18/18 MP: 2/2
    43 | Abyss:1  | Noticed a small abomination
    44 | D:1      | Escaped the Abyss
   115 | D:1      | Reached skill level 1 in Dodging
   206 | D:1      | Reached * piety under Lugonu
   229 | D:1      | Gained mutation: You are partially covered in sharp spines.
                  | [demonic ancestry]
   229 | D:1      | Reached XP level 2. HP: 24/24 MP: 4/4
   468 | D:1      | Gained mutation: You have sharp fingernails. [demonic
                  | ancestry]
   468 | D:1      | Reached XP level 3. HP: 29/29 MP: 5/5
   946 | D:2      | Reached ** piety under Lugonu
  1180 | D:2      | Gained mutation: Your flesh is heat resistant. (rF+)
                  | [demonic ancestry]
  1180 | D:2      | Reached XP level 4. HP: 35/35 MP: 6/6
  1508 | D:3      | Noticed Sigmund
  1700 | D:3      | Noticed Grinder
  1719 | D:3      | Paralysed by Grinder for 7 turns
  1725 | D:3      | Slain by Grinder

Illustrated notes

Levels and vault maps discovered:
D:1:      dpeg_arrival_shrine, layout_rooms
D:2:      layout_rooms
D:3:      layout_loops_corners, lemuel_coloured_pillars_altar, uniq_grinder,
          uniq_sigmund

Skill      XL: |  1  2  3  4 |
---------------+-------------+-----
Dodging        | 1 2 |  2.0
Maces & Flails | 2 |  2.5
Invocations    | 3 |  3.6
Fighting       | |  3.6
Armour         | |  1.7

Action                   |  1- 3 |  4- 6 || total
-------------------------+-------+-------++-------
Melee: Mace              |     1 |       ||     1
       Hunting sling     |     1 |       ||     1
 Fire: Hunting sling     |   117 |    41 ||   158
Invok: Depart the Abyss  |     1 |       ||     1
Armor: Leather armour    |    13 |       ||    13
       Plate armour      |       |    12 ||    12
Dodge: Dodged            |    30 |     5 ||    35
